 Dungeon Sprint DCSS version 0.28.0-43-g3370ac3207 (webtiles) character file.

Game seed: 7243896216311556817

112 boopmooplesden the Carver (level 4, -4/48 HPs)
             Began as a Minotaur Berserker on Mar 19, 2022.
             Was a Follower of Trog.
             Slain by Sigmund
             ... wielding a +0 scythe
              (11 damage)
             ... in the Dungeon (Sprint I: "Red Sonja").
             The game lasted 00:00:28 (205 turns).

boopmooplesden the Carver (Minotaur Berserker)       Turns: 205, Time: 00:00:28

Health: -4/48      AC:  3    Str: 22    XL:     4   Next: 64%
Magic:  3/3        EV: 12    Int:  4    God:    Trog [*.....]
Gold:   54         SH:  0    Dex: 11    Spells: 3/3 levels left

rFire   . . .      SeeInvis .   a - +0 falchion
rCold   . . .      Faith    .   (no shield)
rNeg    . . .      Spirit   .   j - +0 leather armour
rPois   .          Reflect  .   (helmet restricted)
rElec   .          Harm     .   (no cloak)
rCorr   .          Rampage  .   (no gloves)
Will    .....      NoTele   +   (no boots)
Stlth   +.........              (no amulet)
HPRegen 0.16/turn               (no ring)
MPRegen 0.08/turn               (no ring)

@: on berserk cooldown, slowed, very slow
A: horns 2, retaliatory headbutt
a: Renounce Religion, Berserk


You were in the Dungeon.
You worshipped Trog.
Trog was aware of your devotion.
You visited 1 branch You collected 54 gold pieces.

Inventory:

Hand Weapons
 a - a +0 falchion (weapon)
Armour
 b - a +0 animal skin
 j - a +0 leather armour (worn)
Wands
 i - a wand of flame (10)
Scrolls
 h - a scroll of blinking
Potions
 c - 2 potions of curing
 d - a potion of heal wounds
 e - a potion of haste
 f - 2 potions of magic
 g - a potion of berserk rage


   Skills:
 + Level 7.8 Fighting
 + Level 8.0 Long Blades
 + Level 4.2 Armour
 + Level 3.8 Dodging


You had 3 spell levels left.
You didn't know any spells.
Your spell library was empty.

Dungeon Overview and Level Annotations

Branches:
Dungeon (1/1)

Altars:

Annotations:
D Sigmund


Innate Abilities, Weirdness & Mutations

You have a pair of horns on your head.
You reflexively headbutt those who attack you in melee.


Message History

There is an open door here.
You closely miss Sigmund. Your headbutt misses Sigmund.
You bump into the rock wall.
Sigmund gestures at you while chanting.
You are more confused.
You feel a strong urge to attack something.
Sigmund barely misses you.
There is an open door here.
You bump into the rock wall.
You bump into the rock wall.
You feel your anger nearly subside.
You are no longer berserk.
You are exhausted.
You feel yourself slow down. Sigmund closely misses you.
Sigmund closely misses you.
There is an open door here.
You miss Sigmund. Your headbutt misses Sigmund. Sigmund barely misses you.
Sigmund hits you with a +0 scythe.
You bump into the rock wall.
Sigmund misses you.
You're too confused to move!
You feel less confused. Sigmund hits you with a +0 scythe!
You slash Sigmund!
Sigmund is moderately wounded.
Sigmund closely misses you.
You closely miss Sigmund.
Sigmund is moderately wounded.
Sigmund hits you with a +0 scythe!
* * * LOW HITPOINT WARNING * * *
You slash Sigmund! Your headbutt misses Sigmund.
Sigmund is heavily wounded.
Aiming: Throw Flame
Press: ? - help, Shift-Dir - straight line, f - Sigmund
Aim: Sigmund, wielding a +0 scythe and wearing a +2 robe of cold resistance (heavily wounded, 64% to hit)
The puff of flame hits Sigmund.
Sigmund is severely wounded.
Sigmund casts a spell at you. The puff of flame hits you.
* * * LOW HITPOINT WARNING * * *
Sigmund hits you with a +0 scythe!
You die...

#############
#<.#..').#..+
#..').#.@@..#
#..#####'####
#..# #..#
#..# ####
#..# #⌠⌠#
####


You could see Sigmund.

Vanquished Creatures
  An ogre (D)
  Ijyb (D)
2 creatures vanquished.

Notes
Turn   | Place    | Note
-------+----------+-------------------------------------------
     0 | D        | boopmooplesden the Minotaur Berserker began the quest for
                  | the Orb.
     0 | D        | Reached XP level 1. HP: 19/19 MP: 0/0
     1 | D        | Noticed Ijyb
     6 | D        | Killed Ijyb
     7 | D        | Reached skill level 5 in Fighting
     7 | D        | Reached skill level 5 in Long Blades
     7 | D        | Reached XP level 2. HP: 29/29 MP: 1/1
   143 | D        | Noticed an ogre
   145 | D        | Killed an ogre
   146 | D        | Reached skill level 8 in Long Blades
   146 | D        | Reached XP level 3. HP: 40/40 MP: 2/2
   146 | D        | Reached XP level 4. HP: 48/48 MP: 3/3
   188 | D        | Noticed Sigmund
   205 | D        | Slain by Sigmund

Illustrated notes

Levels and vault maps discovered:
D:        dungeon_sprint_1 [red_sonja_temple_1, red_sonja_temple_small_1]

Skill      XL: |  1  2 |
---------------+-------+-----
Fighting       | 5 7 |  7.8
Long Blades    | 5 8 |  8.0
Armour         | 3 4 |  4.2
Dodging        | 3 |  3.8

Action                   |  1- 3 |  4- 6 || total
-------------------------+-------+-------++-------
Melee: Falchion          |     5 |     5 ||    10
       Headbutt          |     1 |       ||     1
Invok: Berserk           |     2 |     1 ||     3
Evoke: Wand              |       |     1 ||     1
Armor: Animal skin       |     1 |       ||     1
Dodge: Dodged            |       |     6 ||     6
